 Dungeon Crawl Stone Soup version 0.31-a0-1-g4198be8af4 (webtiles) character file.

Game seed: 3618014071896659964

452867 Sobieck the Planerender (level 23, -24/137 (140) HPs)
             Began as a Deep Elf Conjurer on Apr 30, 2023.
             Was a High Priest of Sif Muna.
             Killed from afar by a frost giant (25 damage)
             ... with a bolt of cold
             ... on level 5 of the Vaults on May 1, 2023.
             The game lasted 05:03:57 (65087 turns).

Sobieck the Planerender (Deep Elf Conjurer)        Turns: 65087, Time: 05:03:57

HP:   -24/137 (140) AC: 14    Str:  4    XL:     23   Next: 22%
MP:   12/62         EV: 11    Int: 45    God:    Sif Muna [*****.]
Gold: 2184          SH:  5    Dex: 13    Spells: 7/71 levels left

rFire   + . .        b - staff of air "Acuwei" {rElec Int+5, !astaff}
rCold   + . .        Y - +0 buckler
rNeg    + + .        F - +2 robe {Archmagi}
rPois   +            X - +1 helmet "Suchol" {rC+}
rElec   +            Q - +2 cloak {rPois}
rCorr   +            C - +1 pair of gloves "Nirebenky" {rCorr Int+2}
SInv    +            l - +2 pair of boots {Fly}
Will    ++...        T - amulet of magic regeneration {@e2}
Stlth   +++          U - ring of Miaxon {Wiz rN+ Int+3 Slay-4 Stlth+}
HPRegen 0.42/turn    G - ring of Day {rF+ rN+ MP+9 SInv}
MPRegen 0.78/turn

%: wizardry (x1), archmagi
@: brilliant, calling dragons, flying, hasted, studying Staves, lightly drained,
very quick
A: no striking features
}: 2/15 runes: serpentine, barnacled
a: Renounce Religion, Channel Magic, Forget Spell, Divine Exegesis


You were on level 5 of the Vaults.
You worshipped Sif Muna.
Sif Muna was extremely pleased with you.
You visited 9 branches of the dungeon, and saw 43 of its levels.
You visited the Abyss 1 time.
You also visited: Trove.

You collected 5847 gold pieces.
You spent 3663 gold pieces at shops.


   Skills:
 - Level 13.0 Fighting
 - Level 2.4 Dodging
 - Level 2.4 Stealth
 - Level 5.0 Shields
 + Level 24.5 Spellcasting
 - Level 17.0 Conjurations
 - Level 9.0 Hexes
 O Level 27 Summonings
 - Level 6.0 Translocations
 - Level 4.0 Transmutations
 - Level 16.0 Fire Magic
 - Level 4.0 Ice Magic
 - Level 4.0 Air Magic
 - Level 4.0 Earth Magic
 - Level 9.0 Invocations


You had 7 spell levels left.
You knew the following spells:

 Your Spells              Type           Power      Damage    Failure   Level
a - Spellforged Servitor  Conj/Summ      90%        N/A       1%          7
b - Dragon's Call         Summ           96%        N/A       1%          9
c - Summon Horrible Thin  Summ           96%        N/A       1%          8
d - Iron Shot             Conj/Erth      73%        9d13      1%          6
e - Malign Gateway        Summ/Tloc      83%        N/A       1%          7
f - Freezing Cloud        Conj/Ice/Air   82%        6-21      1%          5
g - Iskenderun's Mystic   Conj/Tloc      100%       2d19      1%          4
h - Irradiate             Conj/Tmut      73%        3d36      1%          5
i - Ignition              Fire           82%        3d21      1%          8
j - Summon Mana Viper     Hex/Summ       100%       N/A       0%          5

Your spell library contained the following spells:

 Spells                   Type           Power      Damage    Failure   Level
 Kiss of Death            Conj/Necr      100%       2d13      0%          1
 Magic Dart               Conj           100%       1d8       0%          1
 Shock                    Conj/Air       100%       1d9       0%          1
 Slow                     Hex            100%       N/A       0%          1
 Summon Small Mammal      Summ           100%       N/A       0%          1
 Call Imp                 Summ           100%       N/A       0%          2
 Momentum Strike          Conj/Tloc      100%       3d10      0%          2
 Scorch                   Fire           100%       2d9       0%          2
 Searing Ray              Conj           100%       2d8       0%          2
 Static Discharge         Conj/Air       100%       2-7/arc   0%          2
 Call Canine Familiar     Summ           100%       N/A       0%          3
 Dazzling Flash           Conj/Hex       100%       N/A       0%          3
 Hailstorm                Conj/Ice       100%       3d20      0%          3
 Inner Flame              Hex/Fire       100%       N/A       0%          3
 Stone Arrow              Conj/Erth      100%       3d13      0%          3
 Summon Guardian Golem    Hex/Summ       100%       N/A       0%          3
 Volatile Blastmotes      Fire/Tloc      100%       2d18      0%          3
 Animate Armour           Summ/Erth      100%       N/A       0%          4
 Flame Wave               Conj/Fire      100%       2d21      0%          4
 Sticky Flame             Conj/Fire      100%       2d11      0%          4
 Summon Ice Beast         Ice/Summ       100%       N/A       0%          4
 Summon Lightning Spire   Summ/Air       100%       N/A       0%          4
 Fireball                 Conj/Fire      83%        3d31      0%          5
 Iskenderun's Battlesphe  Conj           100%       2d15      0%          5
 Summon Forest            Summ/Tloc      83%        N/A       0%          5
 Summon Cactus Giant      Summ           96%        N/A       0%          6
 Monstrous Menagerie      Summ           96%        N/A       0%          7
 Summon Hydra             Summ           96%        N/A       0%          7
 Apportation              Tloc           100%       N/A       1%          1
 Beastly Appendage        Tmut           100%       N/A       1%          1
 Freeze                   Ice            100%       1d10      1%          1
 Necrotise                Necr           100%       1d9       1%          1
 Sandblast                Erth           100%       2d20      1%          1
 Cigotuvi's Dreadful Rot  Necr/Pois/Air  100%       N/A       1%          2
 Ensorcelled Hibernation  Hex/Ice        100%       N/A       1%          2
 Lesser Beckoning         Tloc           100%       N/A       1%          2
 Passwall                 Tmut/Erth      97%        N/A       1%          2
 Poisonous Vapours        Pois/Air       100%       N/A       1%          2
 Sublimation of Blood     Necr           90%        N/A       1%          2
 Wereblood                Tmut           100%       N/A       1%          2
 Confusing Touch          Hex            100%       N/A       1%          3
 Frozen Ramparts          Ice            100%       1d16      1%          3
 Gell's Gravitas          Tloc           100%       N/A       1%          3
 Ignite Poison            Fire/Tmut/Pois 100%       N/A       1%          3
 Mephitic Cloud           Conj/Pois/Air  100%       N/A       1%          3
 Ozocubu's Armour         Ice            100%       N/A       1%          3
 Portal Projectile        Hex/Tloc       100%       N/A       1%          3
 Spider Form              Tmut/Pois      100%       N/A       1%          3
 Swiftness                Air            100%       N/A       1%          3
 Teleport Other           Tloc           100%       N/A       1%          3
 Tukima's Dance           Hex            100%       N/A       1%          3
 Vhi's Electric Charge    Tloc/Air       100%       N/A       1%          3
 Airstrike                Air            70%        2d(11-27) 1%          4
 Anguish                  Hex/Necr       60%        N/A       1%          4
 Animate Dead             Necr           90%        N/A       1%          4
 Cause Fear               Hex            70%        N/A       1%          4
 Dispel Undead            Necr           90%        3d29      1%          4
 Fulminant Prism          Conj/Hex       78%        3d31      1%          4
 Ice Form                 Ice/Tmut       100%       N/A       1%          4
 Leda's Liquefaction      Hex/Erth       65%        N/A       1%          4
 Manifold Assault         Tloc           100%       N/A       1%          4
 Petrify                  Tmut/Erth      100%       N/A       1%          4
 Arcjolt                  Conj/Air       86%        1d96      1%          5
 Blade Hands              Tmut           58%        N/A       1%          5
 Lee's Rapid Deconstruct  Erth           58%        3d27*     1%          5
 Metabolic Englaciation   Hex/Ice        65%        N/A       1%          5
 Silence                  Hex/Air        77%        N/A       1%          5
 Yara's Violent Unravell  Hex/Tmut       65%        3d24      1%          5
 Conjure Ball Lightning   Conj/Air       86%        3x3d32    1%          6
 Plasma Beam              Fire/Air       85%        2x1d113   1%          6
 Starburst                Conj/Fire      83%        6d21      1%          6
 Haunt                    Necr/Summ      79%        N/A       1%          7
 Orb of Destruction       Conj           84%        9d19      1%          7
 Dispersal                Tloc           64%        N/A       2%          6
 Enfeeble                 Hex            70%        N/A       4%          7
 Agony                    Necr           90%        N/A       6%          5
 Statue Form              Tmut/Erth      78%        N/A       6%          6
 Eringya's Noxious Bog    Tmut/Pois      52%        N/A       14%         6
 Simulacrum               Ice/Necr       52%        N/A       14%         6
 Death Channel            Necr           45%        N/A       30%         6
 Dragon Form              Tmut           58%        N/A       32%         7
 Ozocubu's Refrigeration  Ice            58%        4d20      32%         7
 Storm Form               Tmut/Air       70%        N/A       32%         7
 Lehudib's Crystal Spear  Conj/Erth      73%        10d17     17%         8
 Fire Storm               Conj/Fire      83%        8d21      24%         9
 Discord                  Hex            70%        N/A       32%         8
 Maxwell's Capacitive Co  Air            70%        ∞         92%         8
 Chain Lightning          Conj/Air       86%        3d115     93%         9
 Necromutation            Tmut/Necr      52%        N/A       99%         8
 Infestation              Necr           45%        N/A       100%        8
 Polar Vortex             Ice            58%        N/A       100%        9
 Shatter                  Erth           58%        3d44*     100%        9

Inventory:

Armour
 l - a +2 pair of boots of flying (worn)
   (You found it on level 3 of the Elven Halls)
 C - the +1 pair of gloves "Nirebenky" (worn) {rCorr Int+2}
   (You found it on level 3 of the Elven Halls)

   Int:       It affects your intelligence (+2).
   rCorr:     It protects you from acid and corrosion.
 F - a +2 robe of the Archmagi (worn)
   (You took it off an orc sorcerer on level 2 of the Orcish Mines)
 Q - a +2 cloak of poison resistance (worn)
   (You found it on level 2 of the Lair of Beasts)
 X - the +1 helmet "Suchol" (worn) {rC+}
   (You bought it in a shop on level 6 of the Dungeon)

   rC:        It protects you from cold.
 Y - a +0 buckler (worn)
   (You took it off a spriggan on level 5 of the Lair of Beasts)
Magical Staves
 a - the staff of death "Qoareqiusy" {rF+ rN+ Str+5 Stlth-, !astaff}
   (You found it on level 3 of the Elven Halls)

   [staff of death]

   Base accuracy: +5 Base damage: 5 Base attack delay: 1.2 This weapon's minimum
   attack delay (0.6) is reached at skill level 12.
   Str:       It affects your strength (+5).
   rF:        It protects you from fire.
   rN:        It protects you from negative energy.
   Stlth:     It makes you less stealthy.
   It falls into the 'Staves' category.
   It is a one-handed weapon.
 b - the staff of air "Acuwei" (weapon) {rElec Int+5, !astaff}
   (You found it on level 3 of the Elven Halls)

   [staff of air]

   Base accuracy: +5 Base damage: 5 Base attack delay: 1.2 This weapon's minimum
   attack delay (0.6) is reached at skill level 12.
   Int:       It affects your intelligence (+5).
   rElec:     It insulates you from electricity.
   It falls into the 'Staves' category.
   It is a one-handed weapon.
Jewellery
 c - the ring of Departure {rF+ Stlth+}
   (You took it off an orc warrior on level 8 of the Dungeon)

   [ring of protection from fire]

   rF:        It protects you from fire.
   Stlth:     It makes you more stealthy.
 e - the ring "Bev Uvil" {+Blink Dex+5 SInv}
   (You found it in a treasure trove)

   [ring of see invisible]

   Dex:       It affects your dexterity (+5).
   SInv:      It lets you see invisible.
   +Blink:    It lets you blink.
 o - a ring of willpower
   (You found it on level 14 of the Dungeon)
 E - the ring "Uqonn" {rN+ Str+6}
   (You found it on level 3 of the Elven Halls)

   [ring of strength]

   Str:       It affects your strength (+6).
   rN:        It protects you from negative energy.
 G - the ring of Day (right hand) {rF+ rN+ MP+9 SInv}
   (You took it off an orc wizard on level 8 of the Dungeon)

   [ring of see invisible]

   rF:        It protects you from fire.
   rN:        It protects you from negative energy.
   MP:        It affects your magic capacity (+9).
   SInv:      It lets you see invisible.
 I - the ring "Rasosuyj" {rC+ Will+ Str+3}
   (You found it in a treasure trove)

   [ring of willpower]

   Str:       It affects your strength (+3).
   rC:        It protects you from cold.
   Will:      It increases your willpower.
 J - the ring of Cul Jauj {rElec rC+ AC+4 Slay-2 SInv}
   (You bought it in a shop on level 1 of the Orcish Mines)

   [ring of protection]

   AC:        It affects your AC (+4).
   Slay:      It affects your accuracy & damage with ranged weapons and melee
   (-2).
   rC:        It protects you from cold.
   rElec:     It insulates you from electricity.
   SInv:      It lets you see invisible.
 L - a ring of flight
   (You found it in a treasure trove)
 T - an amulet of magic regeneration (around neck) {@e2}
   (You found it on level 4 of the Dungeon)
 U - the ring of Miaxon (left hand) {Wiz rN+ Int+3 Slay-4 Stlth+}
   (You bought it in a shop on level 2 of the Vaults)

   [ring of wizardry]

   It improves your spell success rate.
   Int:       It affects your intelligence (+3).
   Slay:      It affects your accuracy & damage with ranged weapons and melee
   (-4).
   rN:        It protects you from negative energy.
   Stlth:     It makes you more stealthy.
Wands
 f - a wand of charming (71)
   (You found it on level 14 of the Dungeon)
 s - a wand of digging (46)
   (You took it off a kobold on level 8 of the Dungeon)
 t - a wand of iceblast (78)
   (You found it on level 2 of the Dungeon)
 w - a wand of polymorph (14)
   (You took it off Natasha on level 2 of the Dungeon)
 y - a wand of mindburst (36)
   (You found it on level 11 of the Dungeon)
 z - a wand of flame (80)
   (You found it on level 6 of the Dungeon)
 B - a wand of quicksilver (29)
   (You found it on level 7 of the Dungeon)
Scrolls
 d - 10 scrolls of magic mapping {!r}
 h - 4 scrolls of silence {!r}
 i - 9 scrolls of poison
 j - 3 scrolls of blinking {!r}
 q - 3 scrolls of butterflies
 H - 8 scrolls of vulnerability {!r!r}
 M - 6 scrolls of fog
 O - 20 scrolls of identify {@r1}
 P - 8 scrolls of teleportation {@r4}
 S - a scroll of amnesia
 W - 5 scrolls of immolation {!r!r}
 Z - 7 scrolls of fear
Potions
 g - 13 potions of ambrosia
 k - 4 potions of haste {@q3}
 m - 8 potions of lignification {!q}
 n - 25 potions of curing {@q1}
 p - 6 potions of brilliance
 r - 8 potions of berserk rage {!q}
 u - 8 potions of mutation {!q}
 x - 10 potions of attraction {!q}
 A - 3 potions of invisibility
 D - 5 potions of flight
 K - 6 potions of might
 N - 3 potions of magic
 R - 4 potions of resistance
Miscellaneous
 V - a piece from Xom's chessboard (15/15)
   (You found it on level 12 of the Dungeon)

Dungeon Overview and Level Annotations

Branches:
Dungeon (15/15) Zot: 23189  Temple (1/1) D:5 Zot: 5963    Lair (5/5) D:11 Zot: 21276
 Shoals (4/4) Lair:2 Zot: 18963   Snake (4/4) Lair:3 Zot: 17800   Slime (0/5) Lair:5
    Orc (2/2) D:9 Zot: 9928     Elf (3/3) Orc:2 Zot: 12749  Vaults (5/5) D:14 Zot: 21818
  Crypt (0/3) Vaults:2     Depths (4/4) D:15 Zot: 16768     Zot (0/5) Depths:4

Altars:
Cheibriados
Dithmenos
Elyvilon
Fedhas
Kikubaaqudgha
Nemelex Xobeh
Okawaru
Ru
Sif Muna
Trog
Vehumet
Xom
Yredelemnul
Zin
The Shining One

Shops:
D:1 :   D:5 [   D:6 [!*   D:11 [   Orc:1 =*   Orc:2 [*[*   Elf:1 :=:   Elf:3 :
Shoals:1 [   Snake:1 (   Snake:4 :   Vaults:2 =   Vaults:3 (

Portals:
Hell: Depths:1 Depths:2 Depths:3 Depths:4
Abyss: Depths:1 Depths:3
Pandemonium: Depths:1 Depths:2 Depths:3
Ziggurat: Depths:2

Annotations:
D:4 1 runed translucent door, Crazy Yiuf
D:11 3 runed translucent doors, superbruh's ghost, novice DsMo
Lair:2 2 transporters, Nabski's ghost, journeyman TeFE
Lair:3 3 runed translucent doors, kougar's ghost, journeyman MiFi; quinnr's ghost, journeyman DEAE; superbruh's ghost, journeyman GrMo
Elf:2 3 runed translucent doors
Vaults:3 2 runed translucent doors, Naox's ghost, adept KoAr; Reyb's ghost, veteran DsGl
Depths:3 2 runed translucent doors

.. #....# ##
[[# #.)..# )..
.#(# #....#)†..
..#.##.C..#†[##
.....#.D[......
#..)[X[[.....
###...)).....##
....[.[@<..)).)
...[[.<†XXX[[..
....[X.§X).[...
....9§.D.D[....
####X.)[[[..###
Ce..[[)..R.
CLD#....#.W..
).p.#....#..##


You could see a shadow dragon (catching breath, ally target), a dread lich
(fast, distracted), a frost giant (ally target), a vault warden (distracted,
ally target), an eleionoma shaped shifter, a deep elf annihilator (distracted,
ally target), an ettin (distracted), a flayed ghost, a cyclops shaped shifter
(ally target), 2 friendly tentacled monstrosities, a friendly ice dragon
(summoned, catching breath, drained), 2 friendly quicksilver dragons, a friendly
spellforged servitor (summoned) and 5 friendly large abominations.


Message History

The quicksilver dragon changes into an eleionoma!
The tengu reaver points at your ice dragon and mumbles some strange words.
The bolt of negative energy hits your ice dragon!!!
Your ice dragon is drained!
The bolt of negative energy hits you! You partially resist.
You feel drained.
* * * LOW HITPOINT WARNING * * *
Your ice dragon breathes frost at the tengu reaver.
The blast of cold hits the tengu reaver!!!
The tengu reaver dies!
Sif Muna accepts your kill.
The blast of cold hits the frost giant.
The frost giant resists.
Your fire dragon breathes flames at the dread lich.
The blast of flame hits the dread lich.
The dread lich resists.
The merfolk completely misses your tentacled monstrosity.
Unknown command.
Unknown command.
Unknown command.
Unknown command.
Unknown command.
What are your orders? t - Shout!
Orders for allies: a - Attack new target. p - Attack previous target. r - Retreat! s - Stop attacking. g - Guard the area. f - Follow me.
Anything else - Cancel.
Gang up on whom?
Press: ? - help, Dir - move target, f/p - vault warden
Aim: a vault warden, wielding a +0 glaive and wearing a +0 chain mail (severely wounded, ally target) Attack!
A dragon arrives to answer your call!
You feel sick.
The merfolk changes into a cyclops!
Your large abomination hits the vault warden!
The vault warden hits your fire dragon with a +3 long sword of venom!!
Something hits your fire dragon!! x2
The dread lich points at your fire dragon and mumbles some strange words.
Your fire dragon suddenly stops moving!
The vault warden hits you from afar with a +0 glaive!!
* * * LOW HITPOINT WARNING * * *
Unknown command.
Unknown command.
Unknown command.
Unknown command.
Unknown command.
Unknown command.
Unknown command.
You feel better.
Your quicksilver dragon disappears in a puff of smoke!
Unknown command.
Unknown command.
The runic seals fade away.
Your quicksilver dragon bites the deep elf annihilator!
Your quicksilver dragon claws the deep elf annihilator!
The deep elf annihilator casts a spell at you.
The poison arrow hits your large abomination!
Your large abomination partially resists.
Something hits your fire dragon! Something hits your fire dragon!!
Your fire dragon dies!
Your fire dragon's corpse disappears in a puff of smoke!
The vault warden closely misses you.
The shadow dragon bites your tentacled monstrosity!
The shadow dragon claws your tentacled monstrosity. x2
A flayed ghost comes into view.
An ettin comes into view. It is wielding two +0 dire flails.
Your large abomination hits the vault warden!!
The vault warden dies!
Sif Muna accepts your kill.
Your tentacled monstrosity tentacle-slaps the deep elf annihilator!
Your tentacled monstrosity tentacle-slaps the deep elf annihilator.
Your tentacled monstrosity tentacle-slaps the deep elf annihilator!
Your tentacled monstrosity closely misses the deep elf annihilator.
Your tentacled monstrosity tentacle-slaps the shadow dragon!
Your tentacled monstrosity tentacle-slaps the shadow dragon but does no damage. x2
Your tentacled monstrosity misses the shadow dragon.
Your life force feels restored.
Unknown command.
Your shadow dragon disappears in a puff of smoke!
Your quicksilver dragon bites the deep elf annihilator.
Your quicksilver dragon closely misses the deep elf annihilator.
Your quicksilver dragon breathes dispelling energy at the shadow dragon.
The bolt of dispelling energy misses the shadow dragon.
The deep elf annihilator completely misses your tentacled monstrosity.
The cyclops hits your tentacled monstrosity!
The vault warden hits your quicksilver dragon with a +3 long sword of venom.
Your quicksilver dragon is poisoned.
The dread lich gestures wildly while chanting.
The dread lich seems to speed up.
The shadow dragon breathes negative energy at you.
The bolt of negative energy hits your tentacled monstrosity.
Your tentacled monstrosity completely resists.
The bolt of negative energy hits your large abomination.
Your large abomination completely resists.
The bolt of negative energy hits you! You partially resist.
You feel drained.
* * * LOW HITPOINT WARNING * * *
The frost giant casts a spell at you. The bolt of cold hits your ice dragon.
Your ice dragon resists.
The bolt of cold hits your large abomination!!!
The bolt of cold hits you!! You resist.
You die...

Skill      XL: |  1  2  3  4  5  6  7  8  9 10 11 12 13 14 15 16 17 18 19 20 21 22 23 |
---------------+----------------------------------------------------------------------+-----
Spellcasting   | 4 6 7 11 12 13 15 17 18 19 21 23 24 | 24.5
Hexes          | 4 6 7 9 |  9.0
Translocations | 4 6 |  6.0
Conjurations   | 6 7 9 11 13 16 17 | 17.0
Invocations    | 7 8 9 |  9.0
Ice Magic      | 3 4 |  4.0
Air Magic      | 2 4 |  4.0
Summonings     | 9 15 16 20 22 25 26 27 | 27.0
Transmutations | 4 |  4.0
Shields        | 5 |  5.0
Fighting       | 6 10 11 13 | 13.0
Earth Magic    | 4 |  4.0
Fire Magic     | 7 13 16 | 16.0
Dodging        | |  2.4
Stealth        | |  2.4

Action                     |  1- 3 |  4- 6 |  7- 9 | 10-12 | 13-15 | 16-18 | 19-21 | 22-24 || total
---------------------------+-------+-------+-------+-------+-------+-------+-------+-------++-------
  Melee: Unarmed           |     4 |       |       |       |       |       |       |       ||     4
         War axe           |     5 |       |       |       |       |       |       |       ||     5
         Short sword       |       |       |     1 |       |       |       |       |       ||     1
         Trident           |       |       |       |    12 |     1 |       |       |       ||    13
         Punch             |       |       |       |     1 |       |       |       |       ||     1
   Cast: Magic Dart        |    55 |    57 |    82 |     8 |       |       |       |       ||   202
         Searing Ray       |     9 |    15 |    30 |     2 |       |       |       |       ||    56
         Fulminant Prism   |       |       |    42 |   194 |    26 |       |       |       ||   262
         Iskenderun's Myst |       |       |    15 |    83 |    35 |     1 |     1 |       ||   135
         Orb of Destructio |       |       |       |    16 |    61 |    52 |     4 |       ||   133
         Freezing Cloud    |       |       |       |    11 |    91 |    41 |     3 |     3 ||   149
         Irradiate         |       |       |       |       |     7 |    24 |    11 |     4 ||    46
         Spellforged Servi |       |       |       |       |    89 |   131 |   115 |    21 ||   356
         Summon Cactus Gia |       |       |       |       |    29 |    30 |     1 |       ||    60
         Monstrous Menager |       |       |       |       |    16 |    51 |     2 |       ||    69
         Summon Horrible T |       |       |       |       |       |    23 |    19 |     7 ||    49
         Dragon's Call     |       |       |       |       |       |    10 |    68 |    15 ||    93
         Malign Gateway    |       |       |       |       |       |       |    13 |       ||    13
         Iron Shot         |       |       |       |       |       |       |     8 |     5 ||    13
         Ignition          |       |       |       |       |       |       |       |    15 ||    15
         Summon Mana Viper |       |       |       |       |       |       |       |     3 ||     3
 Invoke: Channel Magic     |       |       |       |       |       |     2 |       |     1 ||     3
         Forget Spell      |       |       |       |       |       |     1 |     2 |       ||     3
  Evoke: Wand              |       |       |       |       |       |       |       |     1 ||     1
    Use: Potion            |     1 |       |     1 |     2 |     1 |    15 |     2 |    10 ||    32
         Scroll            |       |       |    22 |     8 |     6 |     3 |     2 |     5 ||    46
   Stab: Sleeping          |     1 |       |       |       |       |       |       |       ||     1
 Armour: Robe              |     2 |     1 |    12 |    35 |    27 |    45 |    26 |     4 ||   152
  Dodge: Dodged            |    15 |     8 |    31 |   107 |    52 |    46 |    38 |    18 ||   315
  Block: Buckler           |       |       |       |       |     7 |    30 |    18 |     4 ||    59

Levels and vault maps discovered:
D:1:      dpeg_arrival_radiant, layout_basic, serial_shops,
          nicolae_shop_waterfront, minmay_pentomino_o2
D:2:      layout_rooms, chequers_ecumenical_altar_simple, uniq_natasha
D:3:      layout_basic, fedhas_altar_fruit_tree, moated_statue,
          guppyfry_early_lair_pool, uniq_sigmund
D:4:      layout_loops_ring, uniq_menkaure, uniq_crazy_yiuf_cottage,
          uniq_blork_the_orc
D:5:      layout_gridville, tgw_xom, lemuel_tele_altar,
          minmay_temple_entry_fiery, serial_shops, shop
D:6:      layout_cave_pools, serial_shops, shop, shop, shop
D:7:      layout_basic, nicolae_overflow_hidden_temple, trog_ov_bears_minmay,
          kennysheep_cross_bottleneck, uniq_pikel, uniq_duvessa
D:8:      minmay_the_grid_octo_tiled_octocenter
          [minmay_the_grid_octo_tetromino_candy, minmay_the_grid_octo_checkered,
          minmay_the_grid_octo_pinwheel, minmay_the_grid_octo_vomiting_pacman,
          minmay_the_grid_octo_prize_ultimate_mussel_roller,
          minmay_the_grid_square_5x5_almost_minimal,
          minmay_the_grid_square_5x5_minivault, minmay_the_grid_square_5x5_plus,
          minmay_the_grid_square_5x5_trominoes], layout_loops_cross
D:9:      layout_roguey [special_room_bee], hiddenorc1_lemuel
D:10:     layout_small_grid, okawaru_humans, enter_trove_3, uniq_grum,
          uniq_josephine
D:11:     layout_rooms, lair_entry_dummy, gammafunk_ghost_spectres,
          serial_shops, nicolae_shop_rolling_square
D:12:     layout_cave_pools, gauntlet_entry_generic, lemuel_flamethrower_3
D:13:     layout_basic, uniq_lodul
D:14:     layout_rooms, grunt_vaults_entry_fortified
D:15:     gammafunk_depths_entry_grave, layout_grid_maze, glass_columns_a,
          serial_glass, glass_columns_b, glass_columns_c, glass_columns_b,
          glass_columns_b
Temple:   nicolae_temple_bog_church
Lair:1:   layout_cellular_growth, dreamdust_deal_with_the_devil,
          nicolae_lair_liquid_snakes, serial_bayou_shore_a
Lair:2:   layout_gridlike, minmay_shoals_entry_centaurs, portal_ice_cave_rime,
          nzn_ghost_randoct, infiniplex_staircase_pool, lemuel_fruit_tree
Lair:3:   layout_gridlike, dummy_snake_entry, gammafunk_ghost_cemetery,
          grunt_megastairs_5
Lair:4:   nzn_winding_woodlands_cross [nzn_winding_woodlands_5x15_zeroes,
          nzn_winding_woodlands_5x15_longhouse,
          nzn_winding_woodlands_5x15_twine,
          nzn_winding_woodlands_5x15_sidewinder,
          nzn_winding_woodlands_15x15_boxy_spiral], layout_cave_shapes,
          nicolae_quartered_pool_little, uniq_sonja, uniq_kirke
Lair:5:   minmay_lair_end_enchanted_forest, layout_regular_city,
          minmay_slime_entry_eyes, serial_bayou, serial_bayou_pond_c,
          serial_bayou_pond_a, serial_bayou_ford_a, serial_bayou_lagoon_a,
          serial_bayou_lake_a, serial_bayou_pond_b,
          nicolae_volcano_entry_s_turn, infiniplex_staircase_pool_2
Shoals:1: layout_shoals, serial_shops, nicolae_shop_mannequins, shop,
          gammafunk_ghost_arena, uniq_mlioglotl
Shoals:2: layout_shoals, nicolae_shoals_this_corrosion
Shoals:3: layout_shoals, uniq_polyphemus
Shoals:4: shoals_end_simple, layout_shoals
Snake:1:  layout_layer_cave, serial_shops, nicolae_take_the_stairs,
          grunt_megastairs_3
Snake:2:  layout_cave_shapes, serial_bayou_crossing, uniq_aizul
Snake:3:  layout_onion_interference, uniq_vashnia, uniq_azrael
Snake:4:  grunt_snake_rune_pools, layout_rooms,
          nicolae_shop_i_like_small_books_too, nicolae_snake_squiggles,
          grunt_ministairs_3, drop_trap
Orc:1:    layout_caves, serial_shops, shop, shop, led_sif_book
Orc:2:    st_orc_mages, layout_caves, nicolae_orc_lava_tube
Elf:1:    layout_loops_ring, minmay_elf_necromancy,
          nicolae_elf_glass_and_crystal_pillar_1, minmay_shop_grove,
          uniq_asterion
Elf:2:    elven_hall_of_blades_hangedman_original
          [nicolae_blade_entry_crossed_weapons], layout_geoelf_grid,
          minivault_25_ag
Elf:3:    elf_hall, layout_loops_cross, columned_hall_lemuel, minivault_15,
          drop_trap, nicolae_rare_books, uniq_roxanne, uniq_louise
Vaults:1: vaults_mumra_chevron, v_misc_29, nicolae_vaults_big_ls,
          vaults_room_pools, ontoclasm_vaults_misaligned,
          nicolae_vaults_mush_room, nicolae_vaults_alarming,
          hangedman_vaults_capsules, v_misc_26, nicolae_vaults_little_squares_5,
          nicolae_vaults_tetromino_T_2, nicolae_vaults_surprise_closet,
          nicolae_vaults_trapezoid_lopsided_3, layout_vaults_omnicross
Vaults:2: blue_anna_dwarven_crypt, v_misc_2,
          vaults_standard_mumra_enter_the_diamond, nicolae_vaults_puzzle_piece,
          grunt_vaults_funnel, vaults_room_pools,
          nicolae_vaults_door_testing_chamber,
          nicolae_vaults_windows_and_doors_thing, layout_vaults_ring,
          serial_shops, nicolae_shop_real_fake_doors, uniq_zenata
Vaults:3: advil_vaults_ghost_guards, nicolae_vaults_theta,
          hangedman_vaults_stagger, nicolae_vaults_mini_display_case,
          nicolae_vaults_ninety_degrees, ontoclasm_vaults_misaligned, v_misc_3,
          nicolae_vaults_tetromino_T_1, nicolae_vaults_quadrants,
          nicolae_vaults_wine_cellar, v_misc_12, nicolae_vaults_asterisk,
          layout_vaults_maze_bifur, serial_shops, nicolae_shop_hallway_stairs,
          uniq_mara
Vaults:4: nicolae_vaults_double_plus_2, v_misc_13, nicolae_vaults_tetromino_L_2,
          nicolae_vaults_more_shelving_2, nicolae_vaults_layer_cake_slice,
          vaults_room_fours, vaults_room_fours, dpeg_vaults_hating_casters,
          layout_vaults_big_room
Vaults:5: uniq_margery
Depths:1: layout_gridlike, abyss_entry_small_statue_room, lightli_too_deep,
          rand_demon_pan_entry_9, hangedman_abyss_or_decor_stabs, slow_altar_1,
          grunt_megastairs_4
Depths:2: evilmike_library_of_no_secrets, layout_cave_shapes, enter_ziggurat_a,
          pan_entry, pf_hell_entry_great_geh,
          hangedman_abyss_or_decor_jellyfish_corner, grunt_ministairs_5,
          nicolae_dithmenos_through_a_glass_darkly
Depths:3: lightli_eight_chambers, layout_small_grid, rand_demon_pan_entry_4,
          hell_entry, minmay_tree_intersection, abyss_entry,
          minmay_staircase_statues
Depths:4: grunt_twist_and_shout, layout_honeycomb, hell_entry, uniq_josephina,
          uniq_xtahua, uniq_frederick, uniq_parghit

Notes
Turn   | Place    | Note
-------+----------+-------------------------------------------
     0 | D:1      | Sobieck the Deep Elf Conjurer began the quest for the Orb.
     0 | D:1      | Reached XP level 1. HP: 10/10 MP: 6/6
   160 | D:1      | You pick up a book of Displacement and begin reading...
   160 | D:1      | You add the spells Lesser Beckoning, Gell's Gravitas and
                  | Teleport Other to your library.
   252 | D:1      | You pick up a book of Scorching and begin reading...
   252 | D:1      | You add the spells Scorch, Flame Wave and Summon Cactus
                  | Giant to your library.
   266 | D:1      | Found Vountej's Book Shoppe.
   268 | D:1      | You pick up a book of Changes and begin reading...
   268 | D:1      | You add the spells Beastly Appendage, Wereblood and Spider
                  | Form to your library.
   432 | D:1      | You pick up a book of Minor Magic and begin reading...
   432 | D:1      | You add the spells Call Imp and Mephitic Cloud to your
                  | library.
   494 | D:1      | Reached skill level 4 in Spellcasting
   494 | D:1      | Reached XP level 2. HP: 15/15 MP: 6/9
   747 | D:1      | Learned a level 2 spell: Searing Ray
  1080 | D:1      | Reached XP level 3. HP: 19/19 MP: 4/11
  1211 | D:2      | Found a faded altar of an unknown god.
  1230 | D:2      | Reached skill level 5 in Spellcasting
  1668 | D:2      | Noticed Natasha
  1673 | D:2      | Killed Natasha
  1674 | D:2      | Reached skill level 6 in Spellcasting
  1674 | D:2      | Reached XP level 4. HP: 19/24 MP: 9/14
  1677 | D:2      | Noticed Natasha
  1911 | D:2      | Killed Natasha
  2020 | D:2      | Noticed Natasha
  2023 | D:2      | Killed Natasha
  2024 | D:2      | Reached skill level 7 in Spellcasting
  2024 | D:2      | Reached XP level 5. HP: 28/28 MP: 10/16
  2071 | D:2      | Learned a level 4 spell: Fulminant Prism
  2076 | D:2      | Learned a level 4 spell: Iskenderun's Mystic Blast
  2418 | D:3      | Noticed Sigmund
  2432 | D:3      | Killed Sigmund
  2433 | D:3      | Reached skill level 4 in Hexes
  2433 | D:3      | Reached XP level 6. HP: 30/32 MP: 12/18
  2498 | D:3      | Reached skill level 5 in Hexes
  2539 | D:3      | You pick up a book of Vapours and begin reading...
  2539 | D:3      | You add the spells Poisonous Vapours and Freezing Cloud to
                  | your library.
  2601 | D:3      | You fall into a shaft and drop 3 floors!
  2601 | D:6      | Found Miqiaxzu's Antique Armour Boutique.
  2628 | D:5      | Entered Level 5 of the Dungeon
  2780 | D:5      | Found an ancient bone altar of Kikubaaqudgha.
  2784 | D:5      | Found Yxzahaam's Antique Armour Emporium.
  3000 | D:5      | Found a shimmering altar of Xom.
  3008 | D:5      | Reached skill level 6 in Hexes
  3331 | D:5      | Reached XP level 7. HP: 36/36 MP: 13/19
  3599 | D:3      | Reached skill level 7 in Hexes
  3990 | D:3      | Found a blossoming altar of Fedhas.
  4100 | D:4      | Reached skill level 1 in Translocations
  4284 | D:4      | Reached skill level 5 in Conjurations
  4284 | D:4      | Reached skill level 2 in Translocations
  4410 | D:4      | Noticed Blork the orc
  4418 | D:4      | Killed Blork the orc
  4419 | D:4      | Reached skill level 3 in Translocations
  4660 | D:4      | Reached skill level 4 in Translocations
  5064 | D:4      | Noticed Menkaure
  5079 | D:4      | Killed Menkaure
  5080 | D:4      | Reached skill level 6 in Conjurations
  5080 | D:4      | Reached XP level 8. HP: 22/41 MP: 14/20
  5258 | D:4      | Found a runed translucent door.
  5259 | D:4      | Noticed Crazy Yiuf
  5369 | D:5      | Reached skill level 7 in Conjurations
  5725 | D:5      | Found a staircase to the Ecumenical Temple.
  5820 | Temple   | Entered the Ecumenical Temple
  5843 | Temple   | Became a worshipper of Sif Muna the Loreminder
  6100 | D:5      | Reached skill level 8 in Spellcasting
  6156 | D:6      | Reached skill level 9 in Spellcasting
  6198 | D:6      | Found Zythrude's Assorted Antiques.
  6207 | D:6      | Bought a scroll labelled TOYKOH COKH for 29 gold pieces
  6207 | D:6      | Bought a green potion for 26 gold pieces
  6207 | D:6      | Bought a fizzy red potion for 26 gold pieces
  6287 | D:6      | Reached skill level 8 in Hexes
  6346 | D:6      | Found Xaiq's Distillery.
  6354 | D:6      | Bought a potion of degeneration for 13 gold pieces
  6654 | D:7      | Found a glowing golden altar of the Shining One.
  6658 | D:7      | Found a shadowy altar of Dithmenos.
  6670 | D:7      | Reached skill level 9 in Hexes
  6987 | D:7      | Noticed Pikel
  6997 | D:7      | Killed Pikel
  6998 | D:7      | Reached skill level 11 in Spellcasting
  6998 | D:7      | Reached XP level 9. HP: 45/45 MP: 16/26
  7390 | D:7      | Reached skill level 8 in Conjurations
  7501 | D:7      | Noticed Duvessa
  7501 | D:7      | Noticed Dowan
  7534 | D:7      | Killed Duvessa
  7534 | D:7      | Reached * piety under Sif Muna
  7535 | D:7      | Reached skill level 9 in Conjurations
  7537 | D:7      | Killed Dowan
  7747 | D:7      | Found a bloodstained altar of Trog.
  7767 | D:7      | Reached skill level 12 in Spellcasting
  8404 | D:8      | Reached XP level 10. HP: 50/50 MP: 19/28
  8441 | D:8      | Reached skill level 13 in Spellcasting
  8688 | D:8      | Reached skill level 10 in Conjurations
  8763 | D:8      | Identified the +5 trident of Zeocwa {venom, rElec rPois rC-
                  | Dex+3 SInv}
  8763 | D:8      | Identified the ring of Day {rF+ rN+ MP+9 SInv}
  8873 | D:8      | Noticed a tengu warrior
  8950 | D:8      | Noticed a deep elf pyromancer
  8950 | D:8      | Killed a tengu warrior
  8951 | D:8      | Reached skill level 11 in Conjurations
  8951 | D:8      | Reached skill level 2 in Invocations
  8958 | D:8      | Reached skill level 3 in Invocations
  8958 | D:8      | Killed a deep elf pyromancer
  8958 | D:8      | Reached ** piety under Sif Muna
  8959 | D:8      | Reached skill level 4 in Invocations
  9008 | D:8      | Identified the ring of Departure {rF+ Stlth+}
  9013 | D:8      | Reached skill level 5 in Invocations
  9250 | D:8      | Reached skill level 6 in Invocations
  9532 | D:8      | You pick up a book of Spectacle and begin reading...
  9532 | D:8      | You add the spells Volatile Blastmotes and Starburst to
                  | your library.
  9739 | D:8      | Noticed a cyclops
  9748 | D:8      | Killed a cyclops
  9749 | D:8      | Reached skill level 7 in Invocations
 10276 | D:9      | Reached XP level 11. HP: 53/54 MP: 30/30
 10343 | D:9      | Reached skill level 14 in Spellcasting
 10346 | D:9      | Reached *** piety under Sif Muna
 10477 | D:9      | Found a staircase to the Orcish Mines.
 10742 | D:1      | Bought a book of Dangerous Friends for 560 gold pieces
 10742 | D:1      | You pick up a book of Dangerous Friends and begin
                  | reading...
 10742 | D:1      | You add the spells Summon Guardian Golem, Orb of
                  | Destruction and Spellforged Servitor to your library.
 10750 | D:1      | Learned a level 7 spell: Orb of Destruction
 11528 | D:9      | Reached **** piety under Sif Muna
 11660 | D:10     | Entered Level 10 of the Dungeon
 11667 | D:10     | Noticed Grum
 11670 | D:10     | Reached skill level 12 in Conjurations
 11672 | D:10     | Killed Grum
 11673 | D:10     | Reached skill level 8 in Invocations
 11737 | D:10     | Noticed Josephine
 11747 | D:10     | Killed Josephine
 11748 | D:10     | Reached skill level 15 in Spellcasting
 11823 | D:10     | You pick up a book of Blasting and begin reading...
 11957 | D:10     | Found an iron altar of Okawaru.
 12040 | D:10     | Found a portal to a secret trove of treasure.
 12044 | D:10     | This trove needs +2 storm dragon scales to function. Give
                  | it the item?
 12309 | D:10     | Noticed a two-headed ogre
 12318 | D:10     | Killed a two-headed ogre
 12604 | D:10     | Reached skill level 13 in Conjurations
 12681 | D:11     | Found a staircase to the Lair.
 12744 | D:11     | Reached XP level 12. HP: 59/59 MP: 33/33
 12872 | D:11     | Found a runed translucent gate.
 13043 | D:11     | Reached skill level 9 in Invocations
 13208 | D:6      | Bought a fading helmet for 247 gold pieces
 13208 | D:6      | Identified the +1 helmet "Suchol" {rC+} (You bought it in a
                  | shop on level 6 of the Dungeon)
 13432 | D:11     | Found a runed translucent gate.
 13432 | D:11     | Found a runed translucent gate.
 13433 | D:11     | Noticed superbruh's ghost (novice DsMo)
 13441 | D:11     | You pick up a book of the Earth and begin reading...
 13441 | D:11     | You add the spells Leda's Liquefaction and Statue Form to
                  | your library.
 13562 | D:11     | Found Niemi's Antique Armour Emporium.
 13698 | Lair:1   | Entered Level 1 of the Lair of Beasts
 14079 | Lair:1   | Identified the +3 dagger "Unass" {drain, Fly rC+}
 14179 | Lair:1   | Reached skill level 14 in Conjurations
 14869 | Lair:2   | Noticed a catoblepas
 15004 | Lair:2   | Reached skill level 15 in Conjurations
 15007 | Lair:2   | Noticed a boulder beetle
 15013 | Lair:1   | Reached ***** piety under Sif Muna
 15142 | Lair:1   | Killed a boulder beetle
 15292 | Lair:2   | Found a staircase to the Shoals.
 15297 | Lair:2   | HP: 13/59 [elephant (2)]
 15689 | Lair:2   | Learned a level 5 spell: Freezing Cloud
 15725 | Lair:2   | Reached skill level 1 in Ice Magic
 15753 | Lair:2   | Reached skill level 16 in Conjurations
 15753 | Lair:2   | Reached skill level 1 in Air Magic
 15860 | Lair:2   | Reached skill level 2 in Ice Magic
 15860 | Lair:2   | Received a gift from Sif Muna
 15861 | Lair:2   | You add the spells Arcjolt and Plasma Beam to your library.
 15861 | Lair:2   | Got Sif Muna's Incunable of Austromancy {god gift}
 16101 | Lair:2   | Killed a catoblepas
 16102 | Lair:2   | Reached skill level 2 in Air Magic
 16253 | Lair:2   | Found a transporter.
 16335 | Lair:2   | You fall into a shaft and drop 2 floors!
 16373 | Lair:3   | Reached skill level 3 in Ice Magic
 16394 | Lair:4   | Reached XP level 13. HP: 63/63 MP: 32/34
 16465 | Lair:3   | Reached skill level 3 in Air Magic
 16796 | Lair:2   | Found a transporter.
 16851 | Lair:2   | Noticed Nabski's ghost (journeyman TeFE)
 16983 | Lair:3   | Found a staircase to the Snake Pit.
 17009 | Lair:3   | Learned a level 7 spell: Spellforged Servitor
 17032 | Lair:3   | Reached skill level 4 in Ice Magic
 17134 | Lair:3   | Reached skill level 1 in Summonings
 17220 | Lair:3   | Found a runed translucent gate.
 17221 | Lair:3   | Found a runed translucent gate.
 17223 | Lair:3   | Found a runed translucent gate.
 17224 | Lair:3   | Noticed kougar's ghost (journeyman MiFi)
 17225 | Lair:3   | Noticed quinnr's ghost (journeyman DEAE)
 17226 | Lair:3   | Noticed superbruh's ghost (journeyman GrMo)
 17533 | D:1      | Bought a book of Alchemy for 392 gold pieces
 17533 | D:1      | You pick up a book of Alchemy and begin reading...
 17533 | D:1      | You add the spells Sublimation of Blood, Petrify and
                  | Irradiate to your library.
 17539 | D:1      | Learned a level 5 spell: Irradiate
 17913 | Lair:3   | Reached skill level 17 in Conjurations
 17913 | Lair:3   | Reached skill level 4 in Air Magic
 18422 | Lair:4   | Reached skill level 2 in Summonings
 18422 | Lair:4   | Reached skill level 1 in Transmutations
 18428 | Lair:4   | Noticed Sonja
 18430 | Lair:4   | Reached skill level 2 in Transmutations
 18432 | Lair:4   | Killed Sonja
 18433 | Lair:4   | Reached skill level 3 in Summonings
 18499 | Lair:4   | Reached skill level 3 in Transmutations
 18500 | Lair:4   | Reached skill level 4 in Summonings
 18644 | Lair:4   | Reached skill level 4 in Transmutations
 18658 | Lair:4   | Reached skill level 5 in Summonings
 19022 | Lair:4   | Reached skill level 6 in Summonings
 19096 | Lair:4   | Identified a scroll of acquirement
 19097 | Lair:4   | Acquired a staff of conjuration
 19103 | Lair:4   | You pick up a book of the Hunter and begin reading...
 19103 | Lair:4   | You add the spells Call Canine Familiar and Portal
                  | Projectile to your library.
 19117 | Lair:4   | Reached skill level 7 in Summonings
 19259 | Lair:4   | Reached skill level 8 in Summonings
 19374 | Lair:4   | Noticed Kirke
 19420 | Lair:4   | Killed Kirke
 19421 | Lair:4   | Reached skill level 9 in Summonings
 19584 | Lair:4   | Received a gift from Sif Muna
 19585 | Lair:4   | Reached XP level 14. HP: 60/68 MP: 14/35
 19585 | Lair:4   | You pick up a book of Flames and begin reading...
 19585 | Lair:4   | You add the spells Inner Flame and Sticky Flame to your
                  | library.
 19829 | Lair:4   | Reached skill level 10 in Summonings
 19847 | Lair:4   | Found the +3 pair of gauntlets of War {Slay+5}
 20071 | Lair:5   | Entered Level 5 of the Lair of Beasts
 20284 | Lair:5   | Reached skill level 11 in Summonings
 20369 | Lair:5   | Learned a level 6 spell: Summon Cactus Giant
 20514 | Lair:5   | Found a staircase to the Slime Pits.
 20675 | D:11     | Bought a smoking robe for 222 gold pieces
 20675 | D:11     | Identified the +0 robe of the Cicada {Str+4} (You bought it
                  | in a shop on level 11 of the Dungeon)
 20770 | Lair:5   | Reached skill level 12 in Summonings
 20991 | Lair:5   | You pick up a book of the Tundra and begin reading...
 20991 | Lair:5   | You add the spells Hailstorm, Ice Form and Simulacrum to
                  | your library.
 21437 | Lair:5   | Received a gift from Sif Muna
 21438 | Lair:5   | Reached skill level 13 in Summonings
 21438 | Lair:5   | You add the spells Summon Small Mammal, Momentum Strike,
                  | Monstrous Menagerie, Summon Hydra and Summon Horrible
                  | Things to your library.
 21438 | Lair:5   | Got Sif Muna's Commentary on the Amalgamated Excursion {god
                  | gift}
 21861 | Lair:5   | Identified the +6 long sword of Hubris {drain, rElec rF-
                  | rC+}
 22258 | D:12     | Identified the +10 spear of Cataclysm {elec, Str+4}
 22522 | Orc:1    | Entered Level 1 of the Orcish Mines
 22749 | Orc:1    | Found a shimmering blue altar of Sif Muna.
 22805 | Orc:2    | Entered Level 2 of the Orcish Mines
 22948 | Orc:2    | Reached skill level 14 in Summonings
 22986 | Orc:2    | Paralysed by an orc sorcerer for 2 turns
 23163 | Orc:2    | Identified a +2 robe of the Archmagi
 23209 | Orc:2    | Found a staircase to the Elven Halls.
 23622 | Orc:2    | Found Uniqifem's General Store.
 23622 | Orc:2    | Found Roefil's Armour Shop.
 23622 | Orc:2    | Found Ameoqarao's Armour Boutique.
 23625 | Orc:2    | Found Luosaexio's Assorted Antiques.
 23891 | Orc:1    | Found Pipteac's General Store.
 23962 | Orc:1    | Found Xyxepoq's Jewellery Shoppe.
 24248 | Orc:2    | Bought the +4 pair of boots of Biyn {rCorr} for 371 gold
                  | pieces
 25048 | D:13     | Received a gift from Sif Muna
 25049 | D:13     | Reached skill level 15 in Summonings
 25050 | D:13     | You pick up a book of the Dragon and begin reading...
 25050 | D:13     | You add the spells Cause Fear, Dragon Form and Dragon's
                  | Call to your library.
 25422 | D:13     | Noticed Lodul
 25428 | D:13     | Killed Lodul
 25502 | D:13     | You add the spells Vhi's Electric Charge and Maxwell's
                  | Capacitive Coupling to your library.
 25505 | D:13     | You add the spells Summon Forest and Eringya's Noxious Bog
                  | to your library.
 25616 | D:13     | You pick up a book of Spectacle and begin reading...
 25818 | D:13     | Reached XP level 15. HP: 72/72 MP: 36/36
 26770 | D:8      | Learned a level 7 spell: Monstrous Menagerie
 27201 | D:14     | Reached skill level 1 in Shields
 27274 | D:14     | Reached skill level 2 in Shields
 27281 | D:14     | Reached skill level 16 in Spellcasting
 27374 | D:14     | Found a gate to the Vaults.
 27866 | D:14     | Received a gift from Sif Muna
 27870 | D:14     | Reached skill level 3 in Shields
 27870 | D:14     | You add the spells Iron Shot, Conjure Ball Lightning and
                  | Dispersal to your library.
 27870 | D:14     | Got Sif Muna's Improving Your Spellcraft {god gift}
 28138 | D:15     | Entered Level 15 of the Dungeon
 28199 | D:15     | Found a staircase to the Depths.
 28278 | D:15     | Reached skill level 16 in Summonings
 28350 | D:15     | Reached skill level 4 in Shields
 28715 | Orc:1    | Bought the ring of Cul Jauj {rElec rC+ AC+4 Slay-2 SInv}
                  | for 686 gold pieces
 29990 | D:15     | You pick up a book of Alchemy and begin reading...
 29997 | D:15     | Reached skill level 5 in Shields
 30511 | Elf:1    | Entered Level 1 of the Elven Halls
 30515 | Elf:1    | Reached skill level 17 in Spellcasting
 30560 | Elf:1    | Noticed Asterion
 30567 | Elf:1    | Killed Asterion
 30986 | Elf:1    | You add the spells Kiss of Death, Necrotise, Death Channel
                  | and Infestation to your library.
 30986 | Elf:1    | Got the Treatise on Necromancy
 31469 | Elf:1    | Found Zugarhiq's Book Shop.
 31469 | Elf:1    | Found Zoroluf's Jewellery Emporium.
 31475 | Elf:1    | Found Sizyigh's Book Shop.
 31582 | Elf:2    | Reached XP level 16. HP: 76/76 MP: 39/39
 31615 | Elf:2    | Found a runed translucent gate.
 31615 | Elf:2    | Found a runed translucent gate.
 31621 | Elf:2    | Found a runed translucent gate.
 31807 | Elf:2    | Reached skill level 17 in Summonings
 31844 | Elf:2    | Reached skill level 18 in Spellcasting
 32142 | Elf:2    | HP: 1/76 [deep elf annihilator/iron shot (60)]
 32146 | Elf:2    | Received a gift from Sif Muna
 32149 | Elf:2    | You pick up a book of the Spheres and begin reading...
 32149 | Elf:2    | You add the spells Iskenderun's Battlesphere and Fireball
                  | to your library.
 32274 | Elf:2    | Reached skill level 18 in Summonings
 32662 | Elf:3    | Entered Level 3 of the Elven Halls
 32765 | Elf:3    | Found Kiathyrph's One-of-a-Kind Books.
 32908 | Elf:3    | Identified Roxanne's Papyrus of the Gestalt
 32908 | Elf:3    | Noticed Roxanne
 32918 | Elf:3    | Killed Roxanne
 32919 | Elf:3    | Noticed Louise
 32922 | Elf:3    | Killed Louise
 32927 | Elf:3    | You add the spells Yara's Violent Unravelling and
                  | Necromutation to your library.
 33086 | Elf:3    | Identified the ring "Uqonn" {rN+ Str+6}
 33327 | Elf:3    | Identified the +9 war axe of Untimely Demise {drain, Str+5}
 33673 | Elf:3    | Noticed a deep elf blademaster
 33675 | Elf:3    | Reached skill level 19 in Summonings
 33676 | Elf:3    | Killed a deep elf blademaster
 33713 | Elf:3    | Noticed a deep elf master archer
 33718 | Elf:3    | Killed a deep elf master archer
 33937 | Elf:3    | You are cast into the Abyss!
 33937 | Abyss:2  | Cast into level 2 of the Abyss (a deep elf demonologist)
 33989 | Abyss:2  | Found a corrupted altar of Lugonu.
 33995 | Abyss:2  | Reached skill level 20 in Summonings
 34046 | Abyss:2  | Found a corrupted altar of Lugonu.
 34076 | Abyss:2  | Noticed a Hell Sentinel
 34081 | Abyss:2  | Killed a Hell Sentinel
 34103 | Abyss:2  | Found a corrupted altar of Lugonu.
 34409 | Abyss:2  | Noticed a tentacled starspawn
 34418 | Abyss:2  | Killed a tentacled starspawn
 34497 | Abyss:2  | Reached XP level 17. HP: 68/80 MP: 12/29
 34560 | Abyss:2  | Noticed a bone dragon
 34571 | Abyss:2  | Killed a bone dragon
 34576 | Elf:3    | You pass through the gate.
 34576 | Elf:3    | Escaped the Abyss
 34576 | Elf:3    | Identified the +3 dagger of Pujomme {freeze, Str+4}
 34757 | Elf:3    | Noticed a deep elf blademaster
 34764 | Elf:3    | Killed a deep elf blademaster
 34769 | Elf:3    | Reached skill level 21 in Summonings
 34919 | Elf:3    | Noticed a deep elf master archer
 34929 | Elf:3    | Killed a deep elf master archer
 35024 | Elf:3    | HP: 17/80 [deep elf high priest/divine providence (14)]
 35380 | Elf:3    | Noticed a Brimstone Fiend
 35381 | Elf:3    | Noticed a Tzitzimitl
 35499 | Elf:3    | Received a gift from Sif Muna
 35508 | Elf:3    | You add the spells Static Discharge, Summon Lightning
                  | Spire, Manifold Assault and Silence to your library.
 35508 | Elf:3    | Got Baanwod's Excursus on Transposed Haze {god gift}
 35635 | Elf:3    | Reached skill level 22 in Summonings
 35731 | Elf:3    | You pick up a book of Geomancy and begin reading...
 35731 | Elf:3    | You add the spells Sandblast, Passwall and Stone Arrow to
                  | your library.
 35738 | Elf:3    | You add the spells Cigotuvi's Dreadful Rot and Ignite
                  | Poison to your library.
 35744 | Elf:3    | You pick up a book of Dreams and begin reading...
 35744 | Elf:3    | You add the spells Ensorcelled Hibernation and Anguish to
                  | your library.
 35745 | Elf:3    | Identified the staff of air "Acuwei" {rElec Int+5}
 35769 | Elf:3    | You pick up a book of the Earth and begin reading...
 35770 | Elf:3    | Identified the staff of death "Qoareqiusy" {rF+ rN+ Str+5
                  | Stlth-}
 35851 | Elf:3    | Could not pick up a +0 quick blade {shortrare=g} and a +0
                  | quick blade {shortrare=g} here; ([A]lways) ignore them?
 35877 | Elf:3    | Could not pick up a +2 double sword of protection
                  | {longrare=g} here; ([A]lways) ignore it?
 35950 | Elf:3    | Identified the +1 pair of gloves "Nirebenky" {rCorr Int+2}
 35968 | Elf:3    | You pick up a book of Geomancy and begin reading...
 36051 | Elf:3    | Identified the +10 shortbow "Masue" {freeze, Contam rC+
                  | Int+7}
 36146 | Elf:2    | Learned a level 8 spell: Summon Horrible Things
 36410 | Snake:1  | Entered Level 1 of the Snake Pit
 36851 | Snake:1  | Identified the +1 leather armour of Sin {rElec Regen+ MP-9}
 37216 | Snake:1  | Found Ketweduo's Weapon Boutique.
 38369 | Snake:2  | Noticed Aizul
 38373 | Snake:2  | Killed Aizul
 38610 | Snake:2  | Reached skill level 19 in Spellcasting
 38614 | Snake:2  | Identified a +2 robe of the Archmagi
 38910 | Snake:2  | Received a gift from Sif Muna
 38911 | Snake:2  | Got Sif Muna's Almanac of Bringing Forth {god gift}
 39237 | Snake:2  | Reached XP level 18. HP: 85/85 MP: 43/43
 39682 | Snake:3  | Reached skill level 23 in Summonings
 39694 | Snake:3  | HP: 10/85 [salamander tyrant (29)]
 39935 | Snake:3  | You pick up a book of Decay and begin reading...
 40038 | Snake:3  | Noticed Azrael
 40043 | Snake:3  | Killed Azrael
 40204 | Snake:3  | Noticed Vashnia
 40250 | Snake:3  | Killed Vashnia
 40251 | Snake:3  | Reached skill level 20 in Spellcasting
 40680 | Snake:4  | Entered Level 4 of the Snake Pit
 41186 | D:6      | Bought a pair of heavily runed gloves for 247 gold pieces
 41186 | D:6      | Identified the +0 pair of gloves "Siukke" {rF+ rC+ SInv}
                  | (You bought it in a shop on level 6 of the Dungeon)
 41632 | Shoals:1 | Entered Level 1 of the Shoals
 41644 | Shoals:1 | Noticed Sobbokih's ghost (journeyman FeWn)
 41660 | Shoals:1 | Found Tovvohon's Antique Armour Boutique.
 41749 | Shoals:1 | Found a transporter.
 41751 | Shoals:1 | Found a transporter.
 41765 | Shoals:1 | Found Habrezalao's Weapon Shop.
 41923 | Shoals:1 | Learned a level 9 spell: Dragon's Call
 41945 | Shoals:1 | Noticed Mlioglotl
 41952 | Shoals:1 | Killed Mlioglotl
 43392 | Shoals:2 | Reached skill level 21 in Spellcasting
 43880 | Shoals:3 | Noticed Polyphemus
 43886 | Shoals:3 | Killed Polyphemus
 43887 | Shoals:3 | Reached skill level 24 in Summonings
 43888 | Shoals:3 | Received a gift from Sif Muna
 43922 | Shoals:3 | You pick up a book of Rime and begin reading...
 43922 | Shoals:3 | You add the spells Frozen Ramparts and Summon Ice Beast to
                  | your library.
 44723 | Shoals:4 | Entered Level 4 of the Shoals
 44942 | Shoals:4 | Received a gift from Sif Muna
 44943 | Shoals:4 | You add the spells Airstrike, Storm Form and Chain
                  | Lightning to your library.
 44943 | Shoals:4 | Got Sif Muna's Compendium of the Luminous Brume {god gift}
 45073 | Shoals:4 | Reached skill level 25 in Summonings
 45172 | Shoals:4 | Reached XP level 19. HP: 81/89 MP: 30/46
 45196 | Shoals:4 | You pick up a book of Burglary and begin reading...
 45281 | Shoals:4 | You add the spells Shock and Enfeeble to your library.
 45281 | Shoals:4 | Got the Octavo of Ill-starred Injury
 45460 | Shoals:4 | Reached skill level 1 in Fighting
 45467 | Shoals:4 | Identified the staff of cold "Tepugew" {rC+ rCorr Str+3}
 45599 | Shoals:4 | HP: 23/93 [merfolk javelineer/silver javelin (13)]
 45609 | Shoals:4 | HP: 22/93 [merfolk javelineer/javelin (13)]
 45853 | Shoals:4 | Reached skill level 2 in Fighting
 45853 | Shoals:4 | HP: 10/93 [merfolk javelineer/javelin (14)]
 46129 | Shoals:4 | Got a barnacled rune of Zot
 46145 | Shoals:4 | You pick up a book of the Earth and begin reading...
 46673 | Snake:4  | Reached skill level 3 in Fighting
 46750 | Snake:4  | Received a gift from Sif Muna
 46751 | Snake:4  | You add the spells Confusing Touch, Tukima's Dance,
                  | Lehudib's Crystal Spear, Discord and Fire Storm to your
                  | library.
 46751 | Snake:4  | Got Sif Muna's Volume of the Oath and Force {god gift}
 46762 | Snake:4  | HP: 10/97 [salamander tyrant (20)]
 47066 | Snake:4  | Reached skill level 4 in Fighting
 47236 | Snake:4  | Got a serpentine rune of Zot
 47421 | Snake:4  | Reached skill level 5 in Fighting
 47698 | Snake:4  | Reached skill level 26 in Summonings
 47847 | Snake:4  | Found Viyxaa's Tiny Tomes.
 47860 | Snake:4  | Learned a level 6 spell: Iron Shot
 47873 | Snake:4  | Bought the Omnibus of Hyperthermia for 342 gold pieces
 48086 | Vaults:1 | Entered Level 1 of the Vaults
 48228 | Vaults:1 | Reached skill level 1 in Earth Magic
 48309 | Vaults:1 | Reached skill level 2 in Earth Magic
 48413 | Vaults:1 | Reached skill level 6 in Fighting
 48418 | Vaults:1 | Reached skill level 3 in Earth Magic
 48617 | Vaults:1 | Received a gift from Sif Muna
 48618 | Vaults:1 | You add the spells Slow, Haunt and Malign Gateway to your
                  | library.
 48618 | Vaults:1 | Got Sif Muna's Directory of Amalgamated Malediction {god
                  | gift}
 48628 | Vaults:1 | Learned a level 7 spell: Malign Gateway
 48843 | Vaults:1 | Reached skill level 4 in Earth Magic
 49359 | Vaults:1 | Reached XP level 20. HP: 108/109 MP: 20/47
 49364 | Vaults:1 | Reached skill level 7 in Fighting
 49962 | Vaults:1 | You pick up a book of the Sky and begin reading...
 50349 | Vaults:2 | Noticed Zenata
 50364 | Vaults:2 | HP: 12/111 [Zenata/a resonance strike (27)]
 50803 | Vaults:2 | Reached skill level 5 in Translocations
 51124 | Vaults:2 | Killed Zenata
 51349 | Vaults:2 | Received a gift from Sif Muna
 51354 | Vaults:2 | You pick up a book of Armaments and begin reading...
 51378 | Vaults:2 | Found Lecvuxes's Jewellery Shoppe.
 51385 | Vaults:2 | Bought the ring of Miaxon {Wiz rN+ Int+3 Slay-4 Stlth+} for
                  | 502 gold pieces
 51548 | Vaults:2 | Reached skill level 6 in Translocations
 51661 | Vaults:2 | Reached skill level 8 in Fighting
 51668 | Vaults:2 | Reached skill level 27 in Summonings
 51958 | Vaults:2 | Found a staircase to the Crypt.
 52441 | Vaults:2 | Learned a level 8 spell: Ignition
 52450 | Vaults:3 | Reached skill level 1 in Fire Magic
 52692 | Vaults:3 | Reached skill level 2 in Fire Magic
 52858 | Vaults:3 | Received a gift from Sif Muna
 52864 | Vaults:3 | Reached skill level 3 in Fire Magic
 52874 | Vaults:3 | Got Sif Muna's Incunabulum of Illusion and the Evil Eye
                  | {god gift}
 52962 | Vaults:3 | Found a large runed translucent door.
 52962 | Vaults:3 | Found a large runed translucent door.
 52962 | Vaults:3 | Noticed Naox's ghost (adept KoAr)
 52962 | Vaults:3 | Noticed Reyb's ghost (veteran DsGl)
 53040 | Vaults:3 | Reached skill level 9 in Fighting
 53075 | Vaults:3 | Reached skill level 4 in Fire Magic
 53244 | Vaults:3 | Reached skill level 5 in Fire Magic
 53432 | Vaults:3 | Noticed Mara
 53438 | Vaults:3 | Killed Mara
 53665 | Vaults:3 | Found Jogo Ico's Antique Weapon Shop.
 53918 | Vaults:3 | Reached skill level 6 in Fire Magic
 53972 | Vaults:3 | Identified the +7 spear of Linearity {protect, rPois Int+2
                  | SInv}
 55609 | Vaults:4 | Reached skill level 10 in Fighting
 55609 | Vaults:4 | Reached skill level 7 in Fire Magic
 55611 | Vaults:4 | Received a gift from Sif Muna
 55612 | Vaults:4 | Reached XP level 21. HP: 57/122 MP: 38/48
 55839 | Vaults:4 | You add the spells Ozocubu's Armour and Ozocubu's
                  | Refrigeration to your library.
 56683 | Depths:1 | Entered Level 1 of the Depths
 56701 | Depths:1 | Reached skill level 8 in Fire Magic
 57102 | Depths:1 | Found a one-way gate to the infinite horrors of the Abyss.
 57354 | Depths:1 | You pick up a book of Touch and begin reading...
 57421 | Depths:1 | Reached skill level 9 in Fire Magic
 57577 | Depths:1 | Found a one-way gate leading to the halls of Pandemonium.
 57783 | Depths:1 | Found a snail-covered altar of Cheibriados.
 57802 | Depths:1 | Reached skill level 11 in Fighting
 57806 | Depths:1 | Received a gift from Sif Muna
 57864 | Depths:1 | You add the spells Shatter and Polar Vortex to your
                  | library.
 57864 | Depths:1 | Got Sif Muna's Lessons on Brumal Clay {god gift}
 57933 | Depths:1 | Identified the +4 great sword "Qiykhuak" {freeze, Drain
                  | rElec Str+4}
 57978 | Depths:1 | Reached skill level 10 in Fire Magic
 57982 | Depths:1 | Found a gateway to Hell.
 58490 | Depths:2 | Found a one-way gateway to a ziggurat.
 58600 | Depths:2 | Reached skill level 11 in Fire Magic
 58985 | Depths:2 | Found a shadowy altar of Dithmenos.
 59321 | Depths:2 | Found a shimmering blue altar of Sif Muna.
 59651 | Depths:2 | You add the spells Animate Dead and Agony to your library.
 59651 | Depths:2 | Got the Grimoire of Classification
 59664 | Depths:2 | Got the Parchment of Freezing Permutations
 59696 | Depths:2 | Noticed a dread lich
 59701 | Depths:2 | Noticed an ancient lich
 59734 | Depths:2 | Killed an ancient lich
 59735 | Depths:2 | Reached skill level 12 in Fire Magic
 59838 | Depths:2 | Killed a dread lich
 59939 | Depths:2 | Identified the ring of Kohakh {*Corrode rElec rC- rN+++
                  | Int+6}
 59959 | Depths:2 | You pick up a book of Alchemy and begin reading...
 59961 | Depths:2 | Got the Vademecum on Invitation
 59974 | Depths:2 | Got the Dissertation on Metamorphic Thunder
 59976 | Depths:2 | You pick up a book of Vapours and begin reading...
 60484 | Depths:3 | Reached skill level 13 in Fire Magic
 60591 | Depths:3 | Noticed a golden dragon
 60595 | Depths:3 | Killed a golden dragon
 60712 | Depths:3 | Received a gift from Sif Muna
 60715 | Depths:3 | Reached XP level 22. HP: 113/130 MP: 42/49
 60718 | Depths:3 | Reached skill level 14 in Fire Magic
 60768 | Depths:3 | You pick up a book of Transfigurations {@e2} and begin
                  | reading...
 60953 | Depths:3 | You are sucked into a shaft and drop 1 floor!
 60953 | Depths:4 | Entered Level 4 of the Depths
 61290 | Depths:3 | Reached skill level 15 in Fire Magic
 61453 | Depths:3 | Found a large runed translucent door.
 61453 | Depths:3 | Found a large runed translucent door.
 61749 | Depths:4 | Learned a level 5 spell: Summon Mana Viper
 61768 | Depths:4 | Identified +9 gold dragon scales
 61768 | Depths:4 | Noticed Parghit
 61807 | Depths:4 | Noticed Xtahua
 61929 | Depths:4 | Killed Xtahua
 62104 | Depths:4 | Noticed Frederick
 62108 | Depths:4 | Killed Frederick
 62112 | Depths:4 | a +1 double sword of holy wrath {longrare=g}; a +0 plate
                  | armour
 62124 | Depths:4 | Noticed a golden dragon
 62131 | Depths:4 | Killed a golden dragon
 62132 | Depths:4 | Reached skill level 16 in Fire Magic
 62328 | Depths:4 | a +0 plate armour; a +1 double sword of holy wrath
                  | {longrare=g}
 62328 | Depths:4 | a +0 plate armour; a +1 double sword of holy wrath
                  | {longrare=g}
 62328 | Depths:4 | Could not pick up a +1 double sword of holy wrath
                  | {longrare=g} here; ([A]lways) ignore it?
 62362 | Depths:4 | Reached skill level 22 in Spellcasting
 62381 | Depths:4 | Noticed a caustic shrike
 62384 | Depths:4 | Noticed a caustic shrike
 62385 | Depths:4 | Noticed a caustic shrike
 62387 | Depths:4 | Killed a caustic shrike
 62391 | Depths:4 | Killed a caustic shrike
 62391 | Depths:4 | Received a gift from Sif Muna
 62395 | Depths:4 | Killed a caustic shrike
 62458 | Depths:4 | Got Sif Muna's Almanac of Transformed Displacement {god
                  | gift}
 62469 | Depths:4 | +0 storm dragon scales {rare}; a storm dragon corpse
 62583 | Depths:4 | +0 shadow dragon scales {rare}; a shadow dragon skeleton
 62584 | Depths:4 | e - +0 shadow dragon scales {rare}
 62780 | D:10     | your +0 shadow dragon scales {rare} glow green for a
                  | moment.
 62781 | D:10     | your +1 shadow dragon scales {rare} glow green for a
                  | moment.
 62783 | D:10     | This trove needs +2 storm dragon scales to function. Give
                  | it the item?
 62783 | D:10     | You drop +2 shadow dragon scales {rare}.
 62968 | Depths:4 | e - +0 storm dragon scales {rare}
 63168 | Shoals:1 | Reached skill level 23 in Spellcasting
 63168 | Shoals:1 | Killed Sobbokih's ghost
 63171 | Shoals:1 | You pick up a book of Iron and begin reading...
 63341 | D:10     | your +0 storm dragon scales {rare} glow green for a moment.
 63342 | D:10     | your +1 storm dragon scales {rare} glow green for a moment.
 63343 | D:10     | This trove needs +2 storm dragon scales to function. Give
                  | it the item?
 63343 | D:10     | You paid a toll of +2 storm dragon scales to enter a
                  | treasure trove
 63344 | Trove    | Entered a treasure trove
 63346 | Trove    | Identified the +1 tower shield "Kiorph" {SInv}
 63351 | Trove    | Identified the amulet "Laum" {Spirit Dex+3}
 63353 | Trove    | Identified the +3 tower shield "Ododo" {rF+ rC- Int+5}
 63356 | Trove    | Identified the -1 hat of the Black Moon {Str+3}
 63358 | Trove    | Identified the +0 hat "Qenwair" {rN+}
 63360 | Trove    | Identified the +1 hat of the Butcher {rC+}
 63378 | Trove    | Identified the ring "Rasosuyj" {rC+ Will+ Str+3}
 63409 | Trove    | Identified the ring "Bev Uvil" {+Blink Dex+5 SInv}
 63938 | Depths:4 | Killed Parghit
 63944 | Depths:4 | 4 large rocks {=fthrowing}; +9 gold dragon scales {rare}
 63980 | Depths:4 | 4 large rocks {=fthrowing}; +9 gold dragon scales {rare}
 63980 | Depths:4 | 4 large rocks {=fthrowing}; +9 gold dragon scales {rare}
 63980 | Depths:4 | Could not pick up +9 gold dragon scales {rare} here;
                  | ([A]lways) ignore it?
 64306 | Depths:4 | Found a gate to the Realm of Zot.
 64881 | Vaults:5 | Entered Level 5 of the Vaults
 64883 | Vaults:5 | Reached skill level 12 in Fighting
 64888 | Vaults:5 | Received a gift from Sif Muna
 65055 | Vaults:5 | Reached skill level 13 in Fighting
 65056 | Vaults:5 | Reached XP level 23. HP: 121/140 MP: 45/52
 65064 | Vaults:5 | Reached skill level 24 in Spellcasting
 65075 | Vaults:5 | Identified +0 gold dragon scales
 65079 | Vaults:5 | HP: 35/140 [vault warden/+0 glaive (22)]
 65080 | Vaults:5 | Noticed a dread lich
 65084 | Vaults:5 | HP: 28/139 [poisoned by a tengu reaver (bolt of poison)]
 65084 | Vaults:5 | HP: 3/139 [vault warden/+0 glaive (25)]
 65087 | Vaults:5 | HP: 1/137 [shadow dragon/bolt of negative energy (12)]
 65087 | Vaults:5 | Killed from afar by a frost giant

Vanquished Creatures
  A dread lich (Depths:2)
  Vashnia (Snake:3)
  A golden dragon (Vaults:5)
  A lich (Vaults:5)
  2 titans (Vaults:5)
  A deep elf master archer (Elf:3)
  Kirke (Lair:4)
  A kraken (Shoals:2)
  A sphinx (Vaults:5)
  2 tengu reavers (Vaults:5)
  A storm dragon (Vaults:5)
  5 vault wardens (Vaults:5)
  A balrug (Abyss:2)
  2 deep elf elementalists (Elf:3)
  3 very ugly things (Vaults:5)
  An ironbound preserver (Vaults:5)
  2 war gargoyles (Vaults:5)
  5 deep elf demonologists (Elf:3)
  3 deep elf annihilators (Elf:3)
  A dire elephant (Vaults:2)
  A white draconian (Depths:4)
  Azrael (Snake:3)
  3 deep elf death magi
  Josephine (D:10)
  A deep elf high priest (Elf:3)
  The ghost of Sobbokih the Unseen, a journeyman FeWn of Nemelex Xobeh (Shoals:1)
  2 yaktaur captains (Vaults:5)
  24 vault guards (Vaults:5)
  5 hydras
  A catoblepas (Lair:2)
  2 ogre magi (Vaults:5)
  2 centaur warriors (D:15)
  3 salamander tyrants
  A jorogumo (shapeshifter) (Vaults:5)
  An alligator snapping turtle (Shoals:2)
  3 boulder beetles
  2 anacondas (Snake:2)
  5 two-headed ogres
  3 death yaks
  A satyr (shapeshifter) (Vaults:5)
  A naga warrior (Snake:3)
  A tengu warrior (D:8)
  3 dancing weapons
  2 naga sharpshooters (Snake:3)
  2 spriggan berserkers (Depths:3)
  An orc high priest (Orc:2)
  A shock serpent (Snake:3)
  A shock serpent (shapeshifter) (Vaults:5)
  3 deep elf knights
  A wretched star (Abyss:2)
  Sonja (Lair:4)
  2 fire crabs (Lair:4)
  4 skysharks
  A sea snake (Shoals:1)
  A lindwurm (Lair:3)
  A deep elf archer (Elf:2)
  An orange crystal statue (Elf:3)
  A phantasmal warrior (Vaults:5)
  A glowing orange brain (Abyss:2)
  An ironbound convoker (Vaults:5)
  2 nameless horrors
  4 deep elf pyromancers
  2 oklob plants (Shoals:2)
  A wizard (Vaults:2)
  Pikel (D:7)
  A deep elf zephyrmancer (Elf:2)
  4 ugly things
  A necromancer (Elf:1)
  4 mana vipers
  2 manticores (Shoals:2)
  3 orc sorcerers
  A faun (Shoals:2)
  A salamander (Snake:4)
  4 cyclopes
  A large abomination (Abyss:2)
  A merfolk siren (Shoals:1)
  15 elephants
  2 torpor snails (Lair:2)
  10 black mambas
  2 naga magi
  A vault sentinel (Vaults:5)
  An unseen horror (Abyss:2)
  4 rime drakes
  6 cane toads
  4 komodo dragons
  4 yaktaurs
  2 tengu conjurers
  A troll (D:9)
  A queen bee (D:9)
  A merfolk (Shoals:2)
  A polar bear (Lair:1)
  3 wind drakes
  A snapping turtle (Shoals:1)
  A raiju (Abyss:2)
  2 dream sheep
  10 blink frogs
  Sigmund (D:3)
  A culicivora (Vaults:5)
  7 spriggans (Lair:5)
  A shadow (D:11)
  2 slime creatures
  6 wraiths
  61 yaks
  3 water elementals
  A steam dragon (D:8)
  A basilisk (D:11)
  3 fire elementals
  A vampire (D:8)
  3 wyverns
  3 hogs (Lair:4)
  2 humans (D:10)
  2 redbacks (Vaults:5)
  Grum (D:10)
  A warg (Orc:2)
  Menkaure (D:4)
  9 vampire mosquitoes
  4 acid dragons
  4 nagas
  A hell hound (Snake:3)
  Duvessa (D:7)
  12 water moccasins
  5 orc warriors
  2 sky beasts
  4 black bears
  An ice beast (D:5)
  2 boggarts (Lair:5)
  6 centaurs
  15 wolves
  7 ogres
  A phantom (D:6)
  Blork the orc (D:4)
  5 kobold brigands
  4 scorpions
  15 bullfrogs
  2 gnoll sergeants (D:8)
  13 wights
  Dowan (D:7)
  38 killer bees
  8 electric eels
  4 howler monkeys
  3 lava snakes (Lair:1)
  A hound (D:7)
  4 gnoll boudas
  5 orc priests
  2 jellies
  15 orc wizards
  2 sleepcaps (D:5)
  Natasha (thrice) (D:2)
  6 iguanas
  24 gnolls
  8 adders
  A shadow imp (D:8)
  A white imp (D:8)
  An ufetubus (D:6)
  A worm (D:3)
  2 dart slugs
  45 orcs
  5 ball pythons
  6 bats
  5 endoplasms
  5 giant cockroaches
  9 hobgoblins
  6 jackals (D:1)
  26 kobolds
  5 quokkas
  3 frilled lizards
  4 goblins (D:2)
  3 rats
  3 tentacles
704 creatures vanquished.

Vanquished Creatures (collateral kills)
  An ancient lich (Depths:2)
  Mara (Vaults:3)
  Frederick (Depths:4)
  Parghit (Depths:4)
  Xtahua (Depths:4)
  3 caustic shrikes (Depths:4)
  3 golden dragons
  2 bone dragons
  Asterion (Elf:1)
  Zenata (Vaults:2)
  Mlioglotl (Shoals:1)
  A titan (Vaults:4)
  A Hell Sentinel (Abyss:2)
  A quicksilver dragon (Depths:3)
  2 deep elf blademasters (Elf:3)
  A deep elf master archer (Elf:3)
  3 krakens
  A sphinx (Depths:2)
  Polyphemus (Shoals:3)
  A tentacled starspawn (Abyss:2)
  8 tengu reavers
  3 storm dragons
  A shadow dragon (Depths:4)
  Roxanne (Elf:3)
  5 fire giants
  7 frost giants
  3 deep elf sorcerers (Elf:3)
  8 vault wardens
  A nagaraja (Snake:4)
  An iron dragon (Vaults:5)
  A balrug (Depths:1)
  Louise (Elf:3)
  Aizul (Snake:2)
  A draconian shifter (Depths:4)
  7 ironbound preservers
  An orc warlord (Vaults:3)
  4 deep elf elementalists (Elf:3)
  A war gargoyle (Vaults:3)
  A green draconian (Depths:4)
  11 stone giants
  9 ironbound thunderhulks
  21 very ugly things
  6 deep elf demonologists
  A black draconian (Depths:4)
  A yellow draconian (Depths:4)
  8 deep elf annihilators
  3 red draconians (Depths:4)
  2 nameless horrors
  A white draconian (Depths:4)
  2 spark wasps (Depths:2)
  A purple draconian (Depths:4)
  An iron golem (Depths:1)
  4 fire dragons
  5 merfolk javelineers (Shoals:4)
  7 merfolk impalers
  6 deep elf death magi
  8 ettins
  14 yaktaur captains
  2 deep elf high priests (Elf:3)
  3 great orbs of eyes
  8 vault guards
  A peacekeeper (Vaults:3)
  2 entropy weavers (Vaults:1)
  5 salamander tyrants (Snake:4)
  A hell beast (Depths:3)
  2 hydras
  A rakshasa (Depths:1)
  6 spriggan air magi
  5 ice dragons
  2 catoblepae
  An ogre mage (D:15)
  7 centaur warriors
  7 ironbound frosthearts
  3 merfolk avatars (Shoals:4)
  4 satyrs
  3 death knights
  5 two-headed ogres
  3 merfolk aquamancers (Shoals:4)
  4 anacondas
  13 dancing weapons
  7 deep troll shamans
  11 deep troll earth magi
  14 naga warriors
  7 tengu warriors
  A boulder beetle (Vaults:1)
  A vampire mage (Depths:1)
  2 death yaks (Shoals:3)
  12 naga sharpshooters
  A spriggan berserker (Depths:3)
  5 hell knights (Depths:4)
  7 deep elf knights
  A soul eater (Depths:1)
  2 sun demons (Depths:1)
  6 shock serpents
  A skyshark (Shoals:2)
  A fire crab (shapeshifter) (Elf:2)
  2 salamander mystics (Snake:4)
  A titan skeleton (Depths:2)
  A shadow wraith (Vaults:2)
  A sixfirhy (Depths:3)
  5 iron trolls
  56 deep trolls
  5 naga ritualists
  13 sea snakes
  A flayed ghost (D:15)
  7 deep elf archers
  An orb spider (Abyss:2)
  Lodul (D:13)
  15 ironbound convokers
  4 glowing orange brains
  A shadow demon (Depths:1)
  6 lindwurms
  9 deep elf pyromancers
  2 starcursed masses (Abyss:2)
  11 wizards
  A golden dragon skeleton (D:15)
  2 phantasmal warriors
  8 necromancers
  11 deep elf zephyrmancers
  5 harpies
  26 salamanders
  30 ugly things
  15 fauns
  10 mana vipers
  7 cyclopes
  11 manticores
  A sphinx skeleton (Vaults:3)
  5 orc sorcerers
  16 vault sentinels
  An iron dragon zombie (Depths:2)
  8 guardian serpents
  A rust devil (Depths:3)
  4 water nymphs
  2 merfolk sirens
  An eye of devastation (Lair:5)
  25 black mambas
  15 naga magi
  2 cane toads (Lair:5)
  2 gargoyles (D:14)
  An orange demon (Abyss:2)
  10 tengu conjurers
  2 guardian mummies (D:15)
  4 komodo dragons
  36 yaktaurs
  A komodo dragon (shapeshifter) (D:15)
  A red devil (Depths:1)
  3 trolls
  2 ice devils (Depths:3)
  31 merfolk
  A wind drake (shapeshifter) (Elf:1)
  5 wind drakes
  A hellwing (Depths:1)
  7 hornets
  2 raiju (Abyss:2)
  A tarantella (shapeshifter) (D:13)
  3 polar bears (Lair:5)
  7 dream sheep
  3 blink frogs (Lair:5)
  4 snapping turtles
  32 slime creatures
  A deep troll skeleton (Vaults:3)
  An ettin zombie (D:15)
  A culicivora (shapeshifter) (Elf:2)
  A ynoxinul (Depths:1)
  10 water elementals
  2 wraiths (D:13)
  9 spriggans
  An ettin skeleton (D:15)
  A shadow (Abyss:2)
  A hog (shapeshifter) (Elf:3)
  A wyvern (shapeshifter) (D:14)
  4 fire elementals
  9 yaks (Lair:5)
  A chaos spawn (Abyss:2)
  A neqoxec (Abyss:2)
  6 redbacks
  6 vampire mosquitoes
  A basilisk (Lair:5)
  2 wargs (Orc:1)
  A warg (shapeshifter) (Depths:3)
  A hell hound (Snake:3)
  40 nagas
  A glowing shapeshifter skeleton (D:15)
  2 floating eyes
  10 orc warriors
  3 black bears (Lair:5)
  11 ogres
  A spriggan simulacrum (Depths:2)
  8 wolves (Lair:5)
  3 centaurs (D:15)
  4 large abominations
  6 boggarts
  6 small abominations (Abyss:2)
  3 human zombies (Vaults:3)
  An elf zombie (Elf:1)
  An earth elemental (Elf:3)
  2 electric eels (Lair:5)
  A quasit (Abyss:2)
  9 orc priests (Orc:2)
  An iron imp (Abyss:2)
  10 orc wizards (Orc:2)
  5 gnolls (Orc:2)
  A white imp (Abyss:2)
  7 orcs
  2 spectral weapons (Vaults:3)
  6 tentacles
1075 creatures vanquished.

Vanquished Creatures (others)
  13 eldritch tentacles
  A deep elf elementalist (Elf:2)
  A war gargoyle (Vaults:5)
  A rakshasa (Abyss:2)
  A boulder beetle (Lair:5)
  An orc high priest (Orc:2)
  A deep elf archer (Elf:3)
  2 manticores
  A salamander (Snake:4)
  A black mamba (Snake:2)
  A vault sentinel (Vaults:4)
  A vampire mosquito (D:13)
  An ogre (Orc:2)
  2 orc priests (Orc:2)
  2 orc wizards (Orc:2)
  261 fulminant prisms
  18 fungi
  163 plants
  19 tentacles
491 creatures vanquished.

Grand Total: 2270 creatures vanquished

Table legend:
 A = Non-vault XP
 B = Vault XP
 C = Vault XP percentage of total XP
 D = Non-vault monster count
 E = Vault monster count
 F = Vault count percentage of total count
                 A         B        C        D         E       F
            +---------+---------+-------+---------+---------+-------
      Total |  506090 |  368578 |  42.1 |    1158 |     612 |  34.6
            +---------+---------+-------+---------+---------+-------
        D:1 |      38 |       4 |   9.5 |      21 |       2 |   8.7
        D:2 |     149 |      36 |  19.5 |      20 |       1 |   4.8
        D:3 |      50 |     239 |  82.7 |      12 |       1 |   7.7
        D:4 |     439 |     265 |  37.6 |      16 |       2 |  11.1
        D:5 |     555 |     132 |  19.2 |      22 |       5 |  18.5
        D:6 |     654 |       0 |   0.0 |       9 |       0 |   0.0
        D:7 |    1678 |    1078 |  39.1 |      30 |       5 |  14.3
        D:8 |    2001 |    3280 |  62.1 |      32 |      17 |  34.7
        D:9 |    4130 |    1953 |  32.1 |      35 |      42 |  54.5
       D:10 |    2204 |    2448 |  52.6 |      11 |      10 |  47.6
       D:11 |    1589 |       0 |   0.0 |      17 |       0 |   0.0
       D:12 |    2725 |       0 |   0.0 |       5 |       0 |   0.0
       D:13 |    6180 |    1634 |  20.9 |      23 |       9 |  28.1
       D:14 |    9220 |    7432 |  44.6 |      17 |      10 |  37.0
       D:15 |   13411 |    3251 |  19.5 |      27 |       8 |  22.9
     Lair:1 |    4957 |     253 |   4.9 |      25 |       5 |  16.7
     Lair:2 |    7320 |    1339 |  15.5 |      26 |       7 |  21.2
     Lair:3 |    6152 |    1847 |  23.1 |      20 |       6 |  23.1
     Lair:4 |   15785 |    7505 |  32.2 |      46 |      16 |  25.8
     Lair:5 |    8365 |    9595 |  53.4 |      27 |      47 |  63.5
   Shoals:1 |   10973 |    5304 |  32.6 |      19 |       9 |  32.1
   Shoals:2 |   10253 |    1626 |  13.7 |      19 |       3 |  13.6
   Shoals:3 |   14198 |    4786 |  25.2 |      27 |       5 |  15.6
   Shoals:4 |   19216 |   18835 |  49.5 |      42 |      32 |  43.2
    Snake:1 |   19013 |    1373 |   6.7 |      37 |       2 |   5.1
    Snake:2 |   22286 |    1195 |   5.1 |      48 |       1 |   2.0
    Snake:3 |    9366 |    6200 |  39.8 |      17 |      12 |  41.4
    Snake:4 |   20108 |   25923 |  56.3 |      46 |      44 |  48.9
      Orc:1 |    1847 |      68 |   3.6 |      14 |       2 |  12.5
      Orc:2 |    2703 |    4785 |  63.9 |      32 |      41 |  56.2
      Elf:1 |    8123 |    4695 |  36.6 |      13 |       7 |  35.0
      Elf:2 |   16478 |    5241 |  24.1 |      26 |       8 |  23.5
      Elf:3 |   11893 |   47807 |  80.1 |      18 |      44 |  71.0
   Vaults:1 |   28166 |   20819 |  42.5 |      51 |      27 |  34.6
   Vaults:2 |   27324 |   16970 |  38.3 |      48 |      26 |  35.1
   Vaults:3 |   24085 |   21045 |  46.6 |      42 |      20 |  32.3
   Vaults:4 |    5160 |   18823 |  78.5 |       6 |      25 |  80.6
   Vaults:5 |   17317 |   58494 |  77.2 |      26 |      56 |  68.3
   Depths:1 |   27940 |    8228 |  22.7 |      34 |      11 |  24.4
   Depths:2 |   23022 |   25108 |  52.2 |      28 |      22 |  44.0
   Depths:3 |   49977 |    2754 |   5.2 |      59 |       5 |   7.8
   Depths:4 |   33744 |   26208 |  43.7 |      34 |      17 |  33.3
    Abyss:2 |   15296 |       0 |   0.0 |      31 |       0 |   0.0
            +---------+---------+-------+---------+---------+-------

Skill      XL: |  1  2  3  4  5  6  7  8  9 10 11 12 13 14 15 16 17 18 19 20 21 22 23 |
---------------+----------------------------------------------------------------------+-----
Spellcasting   | 4 6 7 11 12 13 15 17 18 19 21 23 24 | 24.5
Hexes          | 4 6 7 9 |  9.0
Translocations | 4 6 |  6.0
Conjurations   | 6 7 9 11 13 16 17 | 17.0
Invocations    | 7 8 9 |  9.0
Ice Magic      | 3 4 |  4.0
Air Magic      | 2 4 |  4.0
Summonings     | 9 15 16 20 22 25 26 27 | 27.0
Transmutations | 4 |  4.0
Shields        | 5 |  5.0
Fighting       | 6 10 11 13 | 13.0
Earth Magic    | 4 |  4.0
Fire Magic     | 7 13 16 | 16.0
Dodging        | |  2.4
Stealth        | |  2.4

Action                     |  1- 3 |  4- 6 |  7- 9 | 10-12 | 13-15 | 16-18 | 19-21 | 22-24 || total
---------------------------+-------+-------+-------+-------+-------+-------+-------+-------++-------
  Melee: Unarmed           |     4 |       |       |       |       |       |       |       ||     4
         War axe           |     5 |       |       |       |       |       |       |       ||     5
         Short sword       |       |       |     1 |       |       |       |       |       ||     1
         Trident           |       |       |       |    12 |     1 |       |       |       ||    13
         Punch             |       |       |       |     1 |       |       |       |       ||     1
   Cast: Magic Dart        |    55 |    57 |    82 |     8 |       |       |       |       ||   202
         Searing Ray       |     9 |    15 |    30 |     2 |       |       |       |       ||    56
         Fulminant Prism   |       |       |    42 |   194 |    26 |       |       |       ||   262
         Iskenderun's Myst |       |       |    15 |    83 |    35 |     1 |     1 |       ||   135
         Orb of Destructio |       |       |       |    16 |    61 |    52 |     4 |       ||   133
         Freezing Cloud    |       |       |       |    11 |    91 |    41 |     3 |     3 ||   149
         Irradiate         |       |       |       |       |     7 |    24 |    11 |     4 ||    46
         Spellforged Servi |       |       |       |       |    89 |   131 |   115 |    21 ||   356
         Summon Cactus Gia |       |       |       |       |    29 |    30 |     1 |       ||    60
         Monstrous Menager |       |       |       |       |    16 |    51 |     2 |       ||    69
         Summon Horrible T |       |       |       |       |       |    23 |    19 |     7 ||    49
         Dragon's Call     |       |       |       |       |       |    10 |    68 |    15 ||    93
         Malign Gateway    |       |       |       |       |       |       |    13 |       ||    13
         Iron Shot         |       |       |       |       |       |       |     8 |     5 ||    13
         Ignition          |       |       |       |       |       |       |       |    15 ||    15
         Summon Mana Viper |       |       |       |       |       |       |       |     3 ||     3
 Invoke: Channel Magic     |       |       |       |       |       |     2 |       |     1 ||     3
         Forget Spell      |       |       |       |       |       |     1 |     2 |       ||     3
  Evoke: Wand              |       |       |       |       |       |       |       |     1 ||     1
    Use: Potion            |     1 |       |     1 |     2 |     1 |    15 |     2 |    10 ||    32
         Scroll            |       |       |    22 |     8 |     6 |     3 |     2 |     5 ||    46
   Stab: Sleeping          |     1 |       |       |       |       |       |       |       ||     1
 Armour: Robe              |     2 |     1 |    12 |    35 |    27 |    45 |    26 |     4 ||   152
  Dodge: Dodged            |    15 |     8 |    31 |   107 |    52 |    46 |    38 |    18 ||   315
  Block: Buckler           |       |       |       |       |     7 |    30 |    18 |     4 ||    59

Illustrated notes

Table legend:
 A = Kills in this place as a percentage of kills in the entire game.
 B = Kills by you in this place as a percentage of kills by you in the entire game.
 C = Kills by friends in this place as a percentage of kills by friends in the entire game.
 D = Other kills in this place as a percentage of other kills in the entire game.
 E = Experience gained in this place as a percentage of experience gained in the entire game.
 F = Experience gained in this place divided by the number of levels of this place that you have seen.
                   A       B       C       D       E      F
               +-------+-------+-------+-------+-------+----------------------
         Total | 100.0 | 100.0 | 100.0 | 100.0 | 100.0 | 19437.1
       Dungeon |  23.1 |  47.1 |   7.5 |   0.0 |   7.6 | 4451.7
          Lair |  12.7 |  25.2 |   4.5 |  16.7 |   7.2 | 12623.6
        Shoals |   8.8 |   2.9 |  12.7 |  16.7 |   9.7 | 21297.8
     Snake Pit |  11.7 |   4.0 |  16.7 |  16.7 |  12.1 | 26366.0
  Orcish Mines |   5.0 |   4.9 |   5.2 |   0.0 |   1.1 | 4701.5
   Elven Halls |   6.6 |   4.0 |   8.3 |   0.0 |  10.8 | 31412.3
        Vaults |  18.5 |  10.6 |  23.6 |  33.3 |  27.2 | 47640.6
        Depths |  11.9 |   0.6 |  19.3 |   0.0 |  22.5 | 49245.2
         Abyss |   1.8 |   0.9 |   2.3 |  16.7 |   1.7 | 15296.0
               +-------+-------+-------+-------+-------+----------------------

Table legend: (Time is in decaauts)
 A = Elapsed time spent in this place.
 B = Non-inter-level travel time spent in this place.
 C = Inter-level travel time spent in this place.
 D = Time resting spent in this place.
 E = Time spent auto-exploring this place.
 F = Levels seen in this place.
 G = Mean time per level.
                   A        B        C        D        E       F      G
               +--------+--------+--------+--------+--------+-----+--------+
         Total |  65332 |  57100 |   8232 |  12898 |  25586 |  45 | 1451.8 |
       Dungeon |  21860 |  17320 |   4540 |   2805 |  10742 |  15 | 1457.3 |
        Temple |     36 |     18 |     18 |      0 |     14 |   1 |   36.0 |
          Lair |   8723 |   7466 |   1257 |   1943 |   3155 |   5 | 1744.6 |
        Shoals |   5036 |   4873 |    163 |   1152 |   2231 |   4 | 1259.0 |
     Snake Pit |   6199 |   5756 |    443 |   1457 |   2432 |   4 | 1549.8 |
  Orcish Mines |   2071 |   1654 |    417 |    100 |    879 |   2 | 1035.5 |
   Elven Halls |   5249 |   4932 |    317 |   1167 |   1761 |   3 | 1749.7 |
        Vaults |   8180 |   7610 |    570 |   2430 |   2305 |   5 | 1636.0 |
        Depths |   7232 |   6729 |    503 |   1665 |   2065 |   4 | 1808.0 |
         Abyss |    642 |    642 |      0 |    178 |      0 |   1 |  642.0 |
         Trove |    100 |    100 |      0 |      0 |      0 |   1 |  100.0 |
               +--------+--------+--------+--------+--------+-----+--------+

Top non-repeatable levels by time:
Vaults:1: 2732 daAuts
     D:7: 2472 daAuts
   Elf:3: 2471 daAuts
  Lair:1: 2223 daAuts
     D:9: 2186 daAuts
Depths:2: 2155 daAuts
Vaults:3: 2152 daAuts
  Lair:5: 1980 daAuts
 Snake:1: 1955 daAuts
Vaults:2: 1916 daAuts
    D:15: 1891 daAuts
 Snake:2: 1785 daAuts
  Lair:4: 1771 daAuts
    D:10: 1749 daAuts
   Elf:2: 1743 daAuts
